 Dungeon Crawl Stone Soup version 0.19-a0-75-g99403da (webtiles) character file.

1110 Duffy the Digger (level 8, -9/39 HPs)
             Began as a Spriggan Earth Elementalist on May 11, 2016.
             Killed from afar by an electric eel (18 damage)
             ... with a bolt of electricity
             ... on level 6 of the Dungeon.
             The game lasted 00:09:52 (7303 turns).

Duffy the Digger (Spriggan Earth Elementalist)      Turns: 7303, Time: 00:09:53

Health: -9/39      AC:  2    Str:  4    XL:     8   Next: 11%
Magic:  16/18      EV: 18    Int: 18    God:
Gold:   222        SH:  0    Dex: 17    Spells: 3 memorised, 14 levels left

rFire  . . .     SeeInvis +     b - 123 stones
rCold  + . .     Gourm    .     k - +0 robe
rNeg   . . .     Faith    .     (shield restricted)
rPois  .         Spirit   .     (helmet restricted)
rElec  .         Dismiss  .     (no cloak)
rCorr  .         Reflect  .     (gloves unavailable)
SustAt .         Harm     .     (boots unavailable)
MR     +....                    p - amulet of rage
Stlth  +++.......               (no ring)
                                G - ring of protection from cold

@: very quick, somewhat resistant to hostile enchantments, fairly stealthy
A: unfitting armour, see invisible, herbivore 3, speed 3, slow metabolism 2
a: Evoke Berserk Rage


You were on level 6 of the Dungeon.
You were not hungry.

You visited 1 branch of the dungeon, and saw 6 of its levels.

You collected 222 gold pieces.


Innate Abilities, Weirdness & Mutations

You are tiny and cannot use many weapons and most armour.
You have supernaturally acute eyesight.
You are a herbivore.
You cover ground extremely quickly.
You need consume almost no food.


   Skills:
 - Level 2.0 Fighting
 - Level 3.0 Dodging
 - Level 3.0 Stealth
 - Level 6.5 Spellcasting
 + Level 2.0 Conjurations
 - Level 1.5 Transmutations
 + Level 6.9 Earth Magic


You had 14 spell levels left.
You knew the following spells:

 Your Spells              Type           Power        Failure   Level  Hunger
a - Sandblast             Erth           ####..       1%          1    None
c - Stone Arrow           Conj/Erth      ###...       6%          3    ##.....
P - Passwall              Trmt/Erth      ###.......   3%          2    None

Inventory:

Hand Weapons
 a - a +0 dagger of protection
 u - a +1 dagger of electrocution
 x - a +0 blowgun
Missiles
 b - 123 stones (in hand)
 n - 32 poisoned needles
 t - 4 tomahawks (quivered)
Armour
 k - a +0 robe (worn)
Jewellery
 p - an amulet of rage (around neck)
 G - a ring of protection from cold (left hand)
Wands
 r - a wand of iceblast (4/15)
Scrolls
 f - 2 scrolls of fear {unknown}
 j - a scroll of recharging {unknown}
 m - 3 scrolls of enchant armour {unknown}
 q - 2 scrolls of teleportation {unknown}
 s - 2 scrolls of magic mapping {unknown}
 v - 2 scrolls of identify {unknown}
 w - 4 scrolls of noise {unknown}
 y - a scroll of amnesia {unknown}
 A - a scroll of remove curse {unknown}
 C - a scroll of enchant weapon {unknown}
 E - a scroll of immolation {unknown}
 F - a scroll of fog {unknown}
Potions
 e - 3 potions of degeneration {unknown}
 g - 2 potions of agility {unknown}
 h - 3 potions of curing {unknown}
 i - 2 potions of berserk rage {unknown}
 l - a potion of invisibility
 o - a potion of brilliance {unknown}
 D - a potion of mutation {unknown}
 I - a potion of resistance {unknown}
Books
 c - a book of Geomancy
 B - the Collected Works on Glacial Transformation

   Spells                             Type                      Level
   a - Throw Icicle                   Conjuration/Ice              4
   b - Petrify                        Transmutation/Earth          4
   c - Bolt of Cold                   Conjuration/Ice              6
Comestibles
 d - 6 bread rations
 z - a slice of pizza
 H - 2 fruits

Dungeon Overview and Level Annotations

Branches:
Dungeon (6/15)
 Temple: D:4-7

Altars:
Okawaru
Qazlal
Xom
Yredelemnul

Annotations:
D:1 Terence


Message History

There is a stone staircase leading down here.
You climb downwards.
You hear the hiss of flowing sand.
There is an entrance to an ossuary on this level.
Hurry and find it before the portal is buried!
There is a stone staircase leading up here.
An electric eel comes into view.
An electric eel comes into view.
You feel less protected.
b - 126 stones (in hand)
The electric eel shoots out a bolt of lightning at you!
The bolt of electricity hits you!
Cast which spell? (? or * to list)
You can't see any susceptible monsters within range! (Use Z to cast anyway.) Cast which spell? (? or * to list)
Aiming: Sandblast
Press: ? - help, Shift-Dir - straight line, f - electric eel
Aim: an electric eel The rocky blast hits the electric eel.
You kill the electric eel!
You hear a splash.
Your Conjurations skill increases to level 2!
The electric eel shoots out a bolt of lightning at you!
The bolt of electricity hits the plant. x2; The bolt of electricity misses you.
The electric eel shoots out a bolt of lightning at you!
The bolt of electricity hits the plant.
The bolt of electricity hits you!
You start resting.
Magic restored.
You hear the slow hiss of a distant avalanche of sand.
You start resting.
You enter the shallow water.
Moving in this stuff is going to be slow.
The electric eel shoots out a bolt of lightning at you!
The bolt of electricity hits the plant.
The bolt of electricity hits you!
You see here an electric eel corpse.
Cast which spell? (? or * to list)
Aiming: Sandblast
Press: ? - help, Shift-Dir - straight line, f - electric eel
Aim: an electric eel The rocky blast hits the electric eel.
The electric eel is moderately wounded.
The electric eel shoots out a bolt of lightning at you!
The bolt of electricity hits you!
Cast which spell? (? or * to list)
Aiming: Sandblast
Press: ? - help, Shift-Dir - straight line, f/p - electric eel
Aim: an electric eel (moderately wounded)
The rocky blast misses the electric eel.
The electric eel shoots out a bolt of lightning at you!
The bolt of electricity hits you!
You die...

### #7~~77 #######
~~~~~~ #.....#7~~P~~~
###.....7~~~~~~~
#...............
#...##..P~~P~~~P
#...#...%P~;~~~7
#...#...@~~~~~P7
#######...#.....~P~77.
#<....................
#######...#.......##..
#####.......# #
#....?..# #########


You could see an electric eel.

Action                   |  1- 3 |  4- 6 |  7- 9 || total
-------------------------+-------+-------+-------++-------
Melee: Dagger            |    25 |    37 |    27 ||    89
 Fire: Blowgun           |       |    11 |       ||    11
 Cast: Sandblast         |    85 |   164 |   123 ||   372
 Stab: Sleeping          |     4 |     2 |     1 ||     7
  Eat: Royal jelly       |       |     1 |       ||     1
       Pizza             |       |       |     1 ||     1
Armor: Robe              |    26 |    30 |    15 ||    71
Dodge: Dodged            |   100 |   116 |    98 ||   314

Notes
Turn   | Place    | Note
--------------------------------------------------------------
     0 | D:1      | Duffy the Spriggan Earth Elementalist began the quest for the Orb.
     0 | D:1      | Reached XP level 1. HP: 9/9 MP: 5/5
   102 | D:2      | Noticed Terence
   172 | D:1      | Reached skill level 3 in Spellcasting
   428 | D:1      | Reached XP level 2. HP: 13/13 MP: 1/7
   501 | D:1      | Learned a level 2 spell: Passwall
   529 | D:1      | Reached skill level 3 in Earth Magic
  1397 | D:1      | Reached XP level 3. HP: 16/16 MP: 9/9
  1835 | D:2      | Reached skill level 4 in Spellcasting
  2147 | D:2      | Reached XP level 4. HP: 21/21 MP: 3/11
  2245 | D:2      | Noticed Sigmund
  2253 | D:2      | Killed Sigmund
  2253 | D:2      | Reached skill level 6 in Spellcasting
  2253 | D:2      | Reached XP level 5. HP: 25/25 MP: 4/15
  2261 | D:2      | Learned a level 3 spell: Stone Arrow
  2406 | D:2      | Reached skill level 1 in Fighting
  2621 | D:2      | Reached XP level 6. HP: 30/30 MP: 12/16
  2998 | D:3      | Noticed Sl000nik's ghost (amateur GrFi)
  3292 | D:2      | Reached skill level 4 in Earth Magic
  3845 | D:3      | Found a basalt altar of Yredelemnul.
  4030 | D:3      | You fall through a shaft for 2 floors!
  4030 | D:5      | Entered Level 5 of the Dungeon
  4170 | D:5      | Found a stormy altar of Qazlal.
  4211 | D:4      | Reached skill level 2 in Fighting
  4626 | D:4      | Reached skill level 5 in Earth Magic
  4626 | D:4      | Reached XP level 7. HP: 29/35 MP: 9/17
  4723 | D:4      | Identified the Collected Works on Glacial Transformation (You found it on level 4 of the Dungeon)
  5327 | D:3      | Killed Sl000nik's ghost
  5327 | D:3      | Reached skill level 6 in Earth Magic
  6250 | D:5      | Noticed a fire elemental
  6265 | D:5      | Noticed an air elemental
  6265 | D:5      | Noticed a water elemental
  6716 | D:5      | Found a shimmering altar of Xom.
  6718 | D:5      | Found an iron altar of Okawaru.
  6731 | D:5      | Reached skill level 1 in Conjurations
  6833 | D:5      | Reached XP level 8. HP: 39/39 MP: 11/18
  7252 | D:6      | Reached skill level 2 in Conjurations
  7303 | D:6      | Killed from afar by an electric eel

Skill      XL: |  1  2  3  4  5  6  7  8 |
---------------+-------------------------+-----
Spellcasting   | 3 4 6 |  6.5
Earth Magic    | 3 5 6 |  6.9
Fighting       | 1 2 |  2.0
Conjurations   | 1 2 |  2.0
Dodging        | |  3.0
Stealth        | |  3.0
Transmutations | |  1.5

Vault maps used:
D:1:      lightli_molten_gateway, serial_curves, eino_curves_02, eino_curves_03
D:2:      nrook_mini_vaults, minivault_19, uniq_sigmund, uniq_terence
D:3:      nicolae_overflow_hidden_temple, first_bread, minmay_mini_jars
D:4:      minmay_misc_feat_ornament
D:5:      gammafunk_temple_overflow_pools, nicolae_qazlal_style_of_elements
D:6:      lemuel_crystal_altar, enter_ossuary_4, serial_bayou_lagoon_b

Vanquished Creatures
  Sigmund
  A centaur
  The ghost of Sl000nik the Skirmisher, an amateur GrFi
  2 scorpions
  A water moccasin skeleton
  An electric eel
  A crimson imp
  An orc priest
  A hound
  4 orc wizards
  2 worker ants
  6 gnolls
  11 adders
  A howler monkey skeleton
  A shadow imp
  2 oozes
  2 adder skeletons
  6 worms
  3 dart slugs
  5 giant geckos
  23 orcs
  3 ball pythons
  9 giant cockroaches
  9 goblins
  9 hobgoblins
  8 jackals
  8 kobolds
  A quokka
  9 bats
  4 giant newts
  8 rats
144 creatures vanquished.
